 Dungeon Crawl Stone Soup version 0.24.0-123-gd5b16e6ec5 (webtiles) character file.

Game seed: 10195737439205073511, levelgen mode: deterministic

118 HawFromDerth the Vandal (level 5, 0/35 HPs)
             Began as a Halfling Hunter on Feb 12, 2020.
             Succumbed to 1994's ghost's poison
             ... on level 3 of the Dungeon.
             The game lasted 00:09:42 (2778 turns).

HawFromDerth the Vandal (Halfling Hunter)           Turns: 2778, Time: 00:09:42

Health: 0/35       AC:  4    Str: 13    XL:     5   Next: 23%
Magic:  5/5        EV: 15    Int:  9    God:
Gold:   216        SH:  0    Dex: 16    Spells: 4/4 levels left

rFire    . . .     SeeInvis .   a - +1 hunting sling
rCold    . . .     Gourm    .   (shield restricted)
rNeg     . . .     Faith    .   c - +0 leather armour
rPois    .         Spirit   .   (no helmet)
rElec    .         Reflect  .   (no cloak)
rCorr    .         Harm     .   (no gloves)
MR       .....                  l - +0 pair of boots
Stlth    ++........             (no amulet)
HPRegen  0.11/turn              (no ring)
MPRegen  0.09/turn              (no ring)

@: lethally poisoned (0 -> -28)
A: small, mutation resistance 1
a: no special abilities


You were on level 3 of the Dungeon.
You were not hungry.

You visited 1 branch of the dungeon, and saw 3 of its levels.

You collected 216 gold pieces.

Inventory:

Hand Weapons
 a - a +1 hunting sling (weapon)
 b - a +0 short sword
Missiles
 h - 178 stones (quivered)
 v - 5 curare-tipped darts
Armour
 c - a +0 leather armour (worn)
 l - a +0 pair of boots (worn)
Jewellery
 s - a cursed -3 ring of slaying {unknown}
Scrolls
 e - a scroll of immolation {unknown}
 i - a scroll of remove curse {unknown}
 k - 7 scrolls of identify {unknown}
 m - a scroll of magic mapping {unknown}
 n - a scroll of enchant armour {unknown}
 p - a scroll of noise {unknown}
 q - 4 scrolls of teleportation {unknown}
 r - a scroll of random uselessness {unknown}
 w - a scroll of fog {unknown}
Potions
 g - 3 potions of curing {unknown}
 j - 4 potions of haste {unknown}
 o - 3 potions of flight {unknown}
 t - a potion of brilliance {unknown}
 u - a potion of resistance {unknown}
 x - 2 potions of ambrosia {unknown}
Comestibles
 f - 6 rations


   Skills:
 + Level 2.6 Fighting
 + Level 7.8 Slings
 + Level 0.8 Armour
 + Level 2.5 Dodging
 + Level 1.7 Stealth


You had 4 spell levels left.
You didn't know any spells.
Your spell library was empty.

Dungeon Overview and Level Annotations

Branches:
Dungeon (3/15)

Altars:
Gozag
Nemelex Xobeh
Okawaru
The Shining One

Annotations:
D:3 1994's ghost, amateur DsSk


Innate Abilities, Weirdness & Mutations

You are small and have problems with some larger weapons.
You are somewhat resistant to further mutation.


Message History

Press: ? - help, Shift-Dir - straight line, f/p - 1994's ghost
Aim: 1994's ghost, wielding a weapon of venom (lightly damaged)
You shoot a stone.
The stone hits 1994's ghost. 1994's ghost is moderately damaged.
* * * LOW HITPOINT WARNING * * *
You feel sick.
Firing (i - inventory. (/) - cycle)
h - 179 stones (quivered)
Press: ? - help, Shift-Dir - straight line, f/p - 1994's ghost
Aim: 1994's ghost, wielding a weapon of venom (moderately damaged)
You shoot a stone. The stone misses 1994's ghost.
* * * LOW HITPOINT WARNING * * *
You feel sick. 1994's ghost hits you.
* * * LOW HITPOINT WARNING * * *
You are more poisoned.
Firing (i - inventory. (/) - cycle)
h - 178 stones (quivered)
Press: ? - help, Shift-Dir - straight line, p - 1994's ghost
Okay, then.
* * * LOW HITPOINT WARNING * * *
You feel very sick.
You die...

#.≈≈#≈.≈.≈≈# #...........##
##≈.#.≈♣..## #.............
##.###(#.# #.............
#.....#(#### ##............
#.###.#..(.## #.....'#####<
#.# #.####(.# #.#####...≈##
#.#########W# #.#####...≈##
#..#.....##.#####.....#...≈#.
#..'≈≈≈≈(##.@......####...≈##
##.#.....########.## #≈≈≈≈##
#########....>##.# #######'#
#.......##.###........
##......##.#.....#####
#........[...####
#.....>####### #...######
##### #..##≈≈≈≈# ##≈...


You could see 1994's ghost.

Vanquished Creatures
  Terence (D:3)
  2 adders (D:2)
  4 dart slugs
  3 orcs (D:3)
  A ball python (D:3)
  12 bats
  4 giant cockroaches
  7 hobgoblins
  3 quokkas
  7 frilled lizards
  8 goblins
  10 kobolds
  6 rats
68 creatures vanquished.

Notes
Turn   | Place    | Note
-------+----------+-------------------------------------------
     0 | D:1      | HawFromDerth the Halfling Hunter began the quest for the
                  | Orb.
     0 | D:1      | Reached XP level 1. HP: 14/14 MP: 1/1
    13 | D:1      | Reached skill level 6 in Slings
   113 | D:1      | Reached XP level 2. HP: 19/19 MP: 2/2
   421 | D:1      | Reached XP level 3. HP: 24/24 MP: 3/3
  1185 | D:2      | Found an iron altar of Okawaru.
  1248 | D:2      | Found an iron altar of Okawaru.
  1265 | D:2      | Reached skill level 7 in Slings
  1384 | D:2      | Reached XP level 4. HP: 29/29 MP: 4/4
  1995 | D:3      | Found a runed translucent door.
  1996 | D:3      | Noticed 1994's ghost (amateur DsSk)
  2139 | D:3      | Found an opulent altar of Gozag.
  2247 | D:3      | Noticed Terence
  2271 | D:3      | Killed Terence
  2271 | D:3      | Reached XP level 5. HP: 26/35 MP: 5/5
  2568 | D:3      | Found a glowing golden altar of the Shining One.
  2568 | D:3      | Found a sparkling altar of Nemelex Xobeh.
  2778 | D:3      | Succumbed to 1994's ghost's poison

Levels and vault maps discovered:
D:1:      nzn_arrival_water_spiral, layout_basic
D:2:      minmay_razor_zed, layout_loops_ring, okawaru_gym_becter,
          minmay_hexomino_r4
D:3:      layout_rooms, minitemple, serial_rivers, chequers_serial_rivers_marsh,
          chequers_serial_rivers_small_3, chequers_serial_rivers_small_3,
          chequers_serial_rivers_large_b, chequers_serial_rivers_room_a,
          chequers_serial_rivers_small_b, ebering_ghost_reflecting_pool,
          uniq_terence

Skill      XL: |  1  2  3 |
---------------+----------+-----
Slings         | 6 7 |  7.8
Fighting       | 2 |  2.6
Armour         | |  0.8
Dodging        | |  2.5
Stealth        | |  1.7

Action                   |  1- 3 |  4- 6 || total
-------------------------+-------+-------++-------
 Fire: Hunting sling     |    79 |    97 ||   176
  Eat: Chunk             |     1 |     2 ||     3
       Ration            |       |     1 ||     1
Armor: Leather armour    |     5 |     6 ||    11
Dodge: Dodged            |    11 |    21 ||    32
